 Dungeon Crawl Stone Soup version 0.30.0-29-ga12c61a403 (webtiles) character file.

Game seed: 626536310828747907

808 hawla the Cudgeller (level 8, -1/85 HPs)
             Began as a Meteoran Fire Elementalist on June 4, 2023.
             Was an Initiate of Vehumet.
             Succumbed to an ogre zombie's poison
             ... on level 5 of the Dungeon.
             The game lasted 00:11:36 (2358 turns).

hawla the Cudgeller (Meteoran Fire Elementalist)    Turns: 2358, Time: 00:11:37

Health: -1/85      AC: 28    Str: 11    XL:     8   Next: 37%
Magic:  4/15       EV:  2    Int: 18    God:    Vehumet [......]
Gold:   185        SH:  0    Dex: 14    Spells: 5/16 levels left

rFire   + . .        h - +0 flail
rCold   + . .        (no shield)
rNeg    . . .        a - melded +0 robe
rPois   +            s - melded +2 hat
rElec   +            (cloak currently unavailable)
rCorr   +            (gloves currently unavailable)
SInv    .            t - melded +0 pair of boots
Will    +....        (no amulet)
Stlth   +            m - +4 ring of protection
HPRegen 0.00/turn    r - ring of resist corrosion
MPRegen 0.14/turn

%: no passive effects
@: mighty, lethally poisoned (-1 -> -14), tree-form, resistant, attractive,
inhibited regen, glowing
A: stationary, stasis, torment immunity, boosted hp, sense surroundings 1,
otherworldly, glowing, explore regen, inhibited regeneration
a: Renounce Religion


You were on level 5 of the Dungeon.
You worshipped Vehumet.
Vehumet was noncommittal.
You were a tree.
You visited 2 branches of the dungeon, and saw 6 of its levels.

You collected 185 gold pieces.

Inventory:

Hand Weapons
 h - a +0 flail (weapon)
Armour
 a - a +0 robe (melded)
 s - a +2 hat (melded)
 t - a +0 pair of boots (melded)
Jewellery
 g - a ring of ice
 i - a ring of positive energy
 m - a +4 ring of protection (left branch)
 r - a ring of resist corrosion (right branch)
Wands
 l - a wand of light (13) (quivered)
Scrolls
 j - a scroll of fog {unknown}
Potions
 b - a potion of magic
 d - a potion of invisibility
 e - a potion of attraction
 f - 2 potions of mutation
 o - a potion of haste


   Skills:
 + Level 0.1 Fighting
 + Level 6.4 Maces & Flails
 + Level 2.6 Dodging
 - Level 1.4 Stealth
 - Level 0.6 Unarmed Combat
 + Level 4.6 Spellcasting
 + Level 4.3 Conjurations
 + Level 4.2 Translocations
 + Level 4.9 Fire Magic


You had 5 spell levels left.
You knew the following spells:

 Your Spells              Type           Power      Damage    Failure   Level
a - Foxfire               Conj/Fire      80%        2x1d8     1%          1
b - Scorch                Fire           44%        2d7       2%          2
c - Flame Wave            Conj/Fire      20%        2d7       21%         4
d - Iskenderun's Mystic   Conj/Tloc      19%        2d6       24%         4

Your spell library contained the following spells:

 Spells                   Type           Power      Damage    Failure   Level
 Volatile Blastmotes      Fire/Tloc      40%        2d13      6%          3
 Inner Flame              Hex/Fire       13%        N/A       16%         3
 Dazzling Flash           Conj/Hex       24%        N/A       17%         3
 Fulminant Prism          Conj/Hex       6%         3d7       50%         4
 Animate Dead             Necr           4%         N/A       80%         4
 Agony                    Necr           4%         N/A       98%         5
 Borgnjor's Vile Clutch   Necr/Erth      2%         N/A       98%         5
 Lee's Rapid Deconstruct  Erth           2%         3d4*      98%         5
 Silence                  Hex/Air        2%         N/A       98%         5
 Death Channel            Necr           2%         N/A       100%        6
 Simulacrum               Ice/Necr       2%         N/A       100%        6
 Ozocubu's Refrigeration  Ice            2%         4d7       100%        7
 Polar Vortex             Ice            2%         N/A       100%        9


Dungeon Overview and Level Annotations

Branches:
Dungeon (5/15) Zot: 733    Temple (1/1) D:5 Zot: 505

Altars:
Ashenzari
Cheibriados
Dithmenos
Elyvilon
Hepliaklqana
Kikubaaqudgha
Nemelex Xobeh
Okawaru
Qazlal
Ru
Sif Muna
Trog
Uskayaw
Vehumet
Wu Jian
Xom
Yredelemnul
Zin
The Shining One

Shops:
D:5 (=((

Annotations:
D:5 1 transporter


Innate Abilities, Weirdness & Mutations

You are a tree.
Your roots penetrate the ground, keeping you stationary.
You cannot be teleported.
You are immune to unholy pain and torment.
Your maximum health is greatly increased.
Your equipment is partially melded.
You passively map a small area around you.
You are easily found by Zot.
You glow in the dark.
You regain HP and MP as you explore.
You do not regenerate when monsters are visible.


Message History

It was a potion of attraction.
You feel attractive to monsters.
You feel very sick.
The orc warrior zombie closely misses you.
It was a potion of mutation.
You feel extremely strange.
Your regeneration stops near monsters.
You feel very sick.
The ogre zombie hits you with a +0 giant spiked club of venom.
You are lethally poisoned!
The orc warrior zombie barely misses you.
It was a potion of might.
You feel very mighty all of a sudden.
* * * LOW HITPOINT WARNING * * *
You feel very sick. The orc warrior zombie misses you.
Unknown command.
It was a potion of flight.
You feel very buoyant.
You fly up into the air.
* * * LOW HITPOINT WARNING * * *
You feel very sick. The ogre zombie closely misses you.
Unknown command.
It was a potion of lignification.
You turn into a tree.
Your +2 hat melds into your body.
Your +0 pair of boots melds into your body.
Your +0 robe melds into your body.
Your roots penetrate the ground.
* * * LOW HITPOINT WARNING * * *
You feel very sick.
The orc warrior zombie hits you but does no damage.
You sock the orc warrior zombie!
You destroy the orc warrior zombie!
Vehumet accepts your kill.
* * * LOW HITPOINT WARNING * * *
You feel very sick.
The ogre zombie hits you with a +0 giant spiked club of venom.
* * * LOW HITPOINT WARNING * * *
You thump the ogre zombie!
The ogre zombie is almost destroyed.
You die...

<...#....!>##.#########.#.....###
#####.#######.##.##..............
##.## #.....#######........ #...#
##...#########....##.
#...########### °°○○######.##.
#......#°☼.☼°°#○○°○○#......##.
###...#..#.○°.○○#○☼○°.#......##.
♣#........#○○#.#.Z...$:#......##.
♣#.......©#○○©..♣☼°°.$©#©........
♣#........#○°#.#.○☼○.$!#.....###.
♣#.......##.°°.°☼#○☼°☼°#.....# #.
♣#.#......#☼○.°°☼#○○☼°○#.....# #.
♣#.#...#.#########,○°°○####### #.
♣#.#..>#.# ###..#######.# ##
♣#.......# #......># #.#
♣####.#### #.##.##.####.########
#..#.# ###.##.................


You could see an ogre zombie.

Vanquished Creatures
  A water moccasin (D:5)
  An ice beast (D:5)
  An ogre (D:5)
  Blork the orc (D:5)
  2 scorpions (D:5)
  2 hounds
  An orc priest (D:5)
  An iguana (D:5)
  3 sleepcaps
  An ogre zombie (D:5)
  8 adders
  An orc zombie (D:5)
  2 worms (D:4)
  4 dart slugs
  2 orcs
  5 endoplasms
  A giant cockroach (D:4)
  5 goblins
  2 hobgoblins
  3 jackals
  4 kobolds
  4 quokkas
  5 ball pythons
  3 frilled lizards
  A rat (D:1)
64 creatures vanquished.

Vanquished Creatures (others)
  A butterfly (D:4)
  102 foxfires
103 creatures vanquished.

Grand Total: 167 creatures vanquished

Notes
Turn   | Place    | Note
-------+----------+-------------------------------------------
     0 | D:1      | hawla the Meteoran Fire Elementalist began the quest for
                  | the Orb.
     0 | D:1      | Reached XP level 1. HP: 14/14 MP: 5/5
   143 | D:1      | Reached XP level 2. HP: 20/20 MP: 5/7
   146 | D:1      | Learned a level 2 spell: Scorch
   235 | D:2      | Reached XP level 3. HP: 26/26 MP: 4/8
   387 | D:3      | Reached XP level 4. HP: 33/33 MP: 8/10
   394 | D:3      | Learned a level 4 spell: Flame Wave
   535 | D:3      | Reached XP level 5. HP: 38/38 MP: 7/11
   583 | D:3      | Found a glowing golden altar of the Shining One.
  1027 | D:4      | Found a white marble altar of Elyvilon.
  1082 | D:4      | Reached XP level 6. HP: 43/45 MP: 10/13
  1188 | D:4      | Learned a level 4 spell: Iskenderun's Mystic Blast
  1389 | D:5      | Entered Level 5 of the Dungeon
  1413 | D:5      | Noticed an ogre
  1417 | D:5      | Reached skill level 1 in Maces & Flails
  1417 | D:5      | Reached XP level 7. HP: 48/50 MP: 0/14
  1434 | D:5      | Reached skill level 3 in Maces & Flails
  1526 | D:5      | Found a snail-covered altar of Cheibriados.
  1540 | D:5      | Reached skill level 4 in Maces & Flails
  1546 | D:5      | Found a staircase to the Ecumenical Temple.
  1555 | Temple   | Entered the Ecumenical Temple
  1657 | D:5      | Found a transporter.
  1743 | D:5      | Found a shimmering altar of Xom.
  1811 | D:5      | Found Aphihum's Antique Weapon Shoppe.
  1813 | D:5      | Found Fimanoab's Jewellery Emporium.
  1813 | D:5      | Found Yrhycvaa's Weapon Shop.
  1815 | D:5      | Found Kor Rele's Antique Weapon Shoppe.
  1872 | D:5      | Noticed Blork the orc
  1883 | D:5      | Killed Blork the orc
  1884 | D:5      | Reached skill level 5 in Maces & Flails
  1884 | D:5      | Reached XP level 8. HP: 48/57 MP: 2/15
  1925 | D:5      | Reached skill level 6 in Maces & Flails
  2078 | D:5      | Found a transporter.
  2191 | D:5      | Found a radiant altar of Vehumet.
  2196 | D:5      | Became a worshipper of Vehumet
  2353 | D:5      | Gained mutation: You do not regenerate when monsters are
                  | visible. [potion of mutation]
  2357 | D:5      | HP: 2/85 [ogre zombie/+0 giant spiked club of venom (4)]
  2358 | D:5      | Succumbed to an ogre zombie's poison

Illustrated notes

Levels and vault maps discovered:
D:1:      psy_arrival_statuary, layout_loops_ring,
          shapermc_ecumenical_altar_acropolis
D:2:      minmay_recursive_quarters, layout_basic, serial_forest,
          infiniplex_forest_clump_long, infiniplex_forest_lined_2,
          infiniplex_forest_join, infiniplex_forest_straight_4,
          infiniplex_forest_lined_4_way, infiniplex_forest_diagonal,
          infiniplex_forest_lined_2, infiniplex_forest_clump_cross,
          uniq_crazy_yiuf_cottage
D:3:      layout_basic, nicolae_tso_swordbearing_angel,
          mainiacjoe_overflow_alcove_1, minmay_increasing_density
D:4:      layout_loops_ring, nicolae_elyvilon_peaceful_grove
D:5:      gammafunk_cloud_chamber, layout_loops_cross,
          mainiacjoe_overflow_paths, mainiacjoe_overflow_big_doors,
          minmay_temple_entry_proselytizer, fountainhead,
          nicolae_wooded_promenade, minmay_misc_feat_tower, uniq_blork_the_orc
Temple:   nicolae_temple_great_sept

Skill      XL: |  1  2  3  4  5  6  7  8 |
---------------+-------------------------+-----
Spellcasting   | 3 4 |  4.6
Fire Magic     | 4 |  4.9
Conjurations   | 2 3 4 |  4.3
Translocations | 4 |  4.2
Maces & Flails | 1 5 6 |  6.4
Fighting       | |  0.1
Dodging        | |  2.6
Stealth        | |  1.4
Unarmed Combat | |  0.6

Action                     |  1- 3 |  4- 6 |  7- 9 || total
---------------------------+-------+-------+-------++-------
  Melee: Unarmed           |     4 |    15 |       ||    19
         Flail             |       |     6 |     2 ||     8
   Cast: Foxfire           |    23 |    22 |    16 ||    61
         Scorch            |     4 |    18 |    15 ||    37
         Flame Wave        |       |     6 |     6 ||    12
         Iskenderun's Myst |       |     1 |     2 ||     3
    Use: Scroll            |     1 |     6 |     5 ||    12
         Potion            |       |       |     7 ||     7
 Armour: Robe              |     1 |    16 |     8 ||    25
         Skin              |       |       |     1 ||     1
  Dodge: Dodged            |     7 |    20 |    18 ||    45
